 Dungeon Crawl Stone Soup version 0.22-a0-803-gd6d8abe (webtiles) character file.

9310 iamserjio the Frost Mage (level 11, -17/61 HPs)
             Began as a Deep Elf Ice Elementalist on July 22, 2018.
             Was an Elder of Vehumet.
             Demolished by a komodo dragon (27 damage)
             ... on level 2 of the Lair of Beasts.
             The game lasted 01:07:57 (6471 turns).

iamserjio the Frost Mage (DEIE)                     Turns: 6471, Time: 01:07:58

Health: -17/61     AC:  8    Str:  8    XL:     11   Next: 21%
Magic:  1/26       EV: 18    Int: 27    God:    Vehumet [****..]
Gold:   324        SH:  0    Dex: 15    Spells: 9/29 levels left

rFire    . . .     SeeInvis .   N - +8 trident of the Octopus King {venom, rElec rPois MR+}
rCold    + . .     Gourm    .   (no shield)
rNeg     + . .     Faith    .   f - +1 robe {rN+}
rPois    +         Spirit   .   q - +0 helmet
rElec    +         Reflect  .   t - +1 cloak {+Inv}
rCorr    .         Harm     .   V - +0 pair of gloves {Str+3}
MR       ++...                  x - +0 pair of boots
Stlth    ++++......             P - amulet of regeneration
HPRegen  0.60/turn              i - +3 ring of intelligence
MPRegen  0.20/turn              r - ring of protection from cold

@: no status effects
A: no striking features
a: Renounce Religion, Evoke Invisibility


You were on level 2 of the Lair of Beasts.
You worshipped Vehumet.
Vehumet was greatly pleased with you.
You were not hungry.

You visited 3 branches of the dungeon, and saw 14 of its levels.

You collected 480 gold pieces.
You spent 156 gold pieces at shops.

Inventory:

Hand Weapons
 d - a +0 dagger of chaos
 g - a +2 dagger of draining
 k - a +1 short sword of venom
 o - a +2 vampiric short sword
 w - a +0 dagger of pain
 y - a +5 dagger of venom
 M - a +0 whip of freezing
 N - the +8 trident of the Octopus King (weapon) {venom, rElec rPois MR+}
   (You found it on level 1 of the Lair of Beasts)

   It poisons the flesh of those it strikes.
   It insulates you from electricity.
   It protects you from poison.
   It affects your resistance to hostile enchantments.
 Q - a +0 falchion of holy wrath
Missiles
 F - 117 arrows
Armour
 f - a +1 robe of positive energy (worn)
 h - a +1 animal skin
 q - a +0 helmet (worn)
 t - a +1 cloak of invisibility (worn)
 x - a +0 pair of boots (worn)
 T - the +0 pair of boots of the Buccaneer {+Inv rPois rN+ Int-4}
   (You found it on level 11 of the Dungeon)

   It affects your intelligence (-4).
   It protects you from poison.
   It protects you from negative energy.
   It lets you turn invisible.
 V - a +0 pair of gloves of strength (worn)
Jewellery
 i - a +3 ring of intelligence (left hand)
 l - an uncursed ring of resist corrosion
 r - a ring of protection from cold (right hand)
 D - an uncursed ring of fire {unknown}
 J - an uncursed ring of protection from magic
 K - a +5 ring of evasion {unknown}
 P - an amulet of regeneration (around neck)
Wands
 a - a wand of clouds (11)
 j - a wand of random effects (9)
 H - a wand of iceblast (6)
 S - a wand of scattershot (4)
 W - a wand of acid (12)
 Y - a wand of polymorph (5)
Scrolls
 n - 5 scrolls of amnesia
 p - 3 scrolls of immolation
 s - 4 scrolls of remove curse {@r2}
 z - a scroll of random uselessness {unknown}
 E - a scroll of silence {unknown}
 G - a scroll of acquirement {unknown}
 L - a scroll of fog
 U - 2 scrolls of enchant armour {unknown}
 X - a scroll of teleportation
Potions
 b - a potion of curing {@q1}
 e - a potion of ambrosia
 m - a potion of heal wounds
 u - a potion of resistance
 v - a potion of degeneration {unknown}
 A - 2 potions of agility
 B - a potion of might {unknown}
 C - 3 potions of haste
 I - a potion of mutation {unknown}
 O - a potion of flight {unknown}
 R - a potion of lignification {unknown}
Comestibles
 c - 16 rations
 Z - 2 chunks of flesh


   Skills:
 - Level 4.0 Fighting
 - Level 9.0 Dodging
 - Level 7.1 Stealth
 + Level 9.7 Spellcasting
 * Level 8.6 Conjurations
 - Level 4.0 Summonings
 - Level 10.1 Ice Magic
 + Level 1.9 Earth Magic


You had 9 spell levels left.
You knew the following spells:

 Your Spells              Type           Power        Failure   Level  Hunger
a - Freeze                Ice            ####         1%          1    None
b - Summon Ice Beast      Ice/Summ       ######..     2%          4    None
c - Throw Frost           Conj/Ice       ######       1%          2    None
d - Ozocubu's Armour      Chrm/Ice       #####...     1%          3    None
e - Throw Icicle          Conj/Ice       ######..     1%          4    None
f - Iron Shot             Conj/Erth      #####.....   21%         6    #####..

Your spell library contained the following spells:

 Spells                   Type           Power        Failure   Level  Hunger
 Magic Dart               Conj           ####         1%          1    None
 Bolt of Magma            Conj/Fire/Erth ####......   8%          5    ####...
 Confuse                  Hex            ##......     13%         3    None
 Venom Bolt               Conj/Pois      #####.....   5%          5    ####...
 Summon Small Mammal      Summ           ####         1%          1    None
 Iskenderun's Mystic Bla  Conj           ######..     1%          4    None
 Call Imp                 Summ           ####....     1%          2    None
 Tukima's Dance           Hex            ##......     13%         3    None
 Call Canine Familiar     Summ           ####....     2%          3    None
 Ensorcelled Hibernation  Hex/Ice        #####.       1%          2    None
 Corona                   Hex            ##.....      4%          1    None
 Orb of Destruction       Conj           ######....   26%         7    #######
 Iskenderun's Battlesphe  Conj/Chrm      #####...     5%          5    ####...
 Fulminant Prism          Conj/Hex       #####.....   2%          4    None
 Dazzling Spray           Conj/Hex       #####.       1%          3    None
 Force Lance              Conj/Tloc      #####...     2%          4    None
 Searing Ray              Conj           ######       1%          2    None
 Summon Lightning Spire   Summ/Air       ###.....     19%         4    None
 Summon Guardian Golem    Hex/Summ       ###.....     6%          3    None
 Spellforged Servitor     Conj/Summ      #####.....   54%         7    #######


Dungeon Overview and Level Annotations

Branches:
Dungeon (11/15)            Temple (1/1) D:7            Lair (2/6) D:11
  Swamp: Lair:2-4    Shoals: Lair:2-4     Snake: Lair:2-4    Spider: Lair:2-4
    Orc: D:9-12

Altars:
Cheibriados
Dithmenos
Elyvilon
Gozag
Hepliaklqana
Makhleb
Nemelex Xobeh
Okawaru
Qazlal
Ru
Sif Muna
Trog
Uskayaw
Vehumet
Wu Jian
Yredelemnul

Shops:
D:4 *   D:5 ?   D:11 :

Annotations:
D:7 Joseph


Message History

Confirm with . or Enter, or press ? or * to list all spells.
A chill wind blows around you. The komodo dragon bites you!!
Ouch! That really hurt!
* * * LOW HITPOINT WARNING * * *
Something stings your ice beast!!
Your ice beast barely misses the komodo dragon.
Something closely misses your ice beast.
Something barely misses your ice beast.
Your ice beast hits the crocodile.
Your ice beast freezes the crocodile!
You see here a bullfrog corpse.
The komodo dragon hisses menacingly.
The crocodile bites your ice beast!
Your ice beast hits the spiny frog.
Your ice beast freezes the spiny frog!
The spiny frog seems to slow down.
Your ice beast closely misses the crocodile.
The spiny frog closely misses your ice beast.
The crocodile bites your ice beast but does no damage.
Your ice beast hits the spiny frog but does no damage.
Your ice beast barely misses the crocodile.
The komodo dragon bites you!!
You die...

.......'...P≈#≈≈...P...♣
##....'...≈≈#≈≈.P⌠....♣
#..P..'...≈≈#≈≈....♣..#
#...#.#....P♣≈P......P#
.... #.#♣....#≈♣.....≈≈#
.. #. #♣..♣#♣.....P≈≈#
.. ##†'♣####♣♣F.≈## ..
#....#PP..Y..≈≈# [..
#....@l†.tY.≈≈≈# ...
#P...'.†..P≈≈≈≈#
#♣...#♣♣♣≈≈≈≈≈8# #####
########


You could see a komodo dragon, a spiny frog, a crocodile and 2 friendly ice
beasts.

Vanquished Creatures
  An unseen horror (D:8)
  Maurice (D:10)
  2 centaur skeletons (D:11)
  A komodo dragon (Lair:2)
  2 hornets
  A hippogriff (Lair:1)
  2 soldier ants
  Menkaure (D:5)
  A black bear (Lair:1)
  2 orc warriors
  A wolf (D:11)
  2 centaurs (D:10)
  2 sky beasts
  2 ogres
  3 crocodiles
  A big kobold (D:11)
  4 bullfrogs
  5 killer bees
  2 wights (D:6)
  5 crimson imps
  3 centaur zombies
  A jelly (D:8)
  3 orc priests
  A bullfrog skeleton (D:11)
  4 hounds
  2 iguanas
  4 orc wizards
  8 worker ants
  A hound skeleton (D:6)
  2 gnolls
  12 adders
  A shadow imp (D:11)
  2 oozes
  An adder zombie (D:5)
  2 worms
  2 dart slugs (D:2)
  4 leopard geckos
  24 orcs
  A ball python (D:3)
  6 bats
  4 giant cockroaches
  4 goblins
  6 hobgoblins
  4 jackals
  3 quokkas
  3 frilled lizards
  6 kobolds
  A quokka skeleton (D:4)
  9 rats
165 creatures vanquished.

Vanquished Creatures (collateral kills)
  A hydra (Lair:1)
  Pikel (D:8)
  Psyche (D:8)
  A spiny frog (Lair:2)
  A troll (D:9)
  A wyvern (D:7)
  Grum (Lair:1)
  5 yaks (Lair:1)
  A hungry ghost (D:9)
  15 soldier ants (D:8)
  4 water moccasins
  An orc warrior (D:7)
  A porcupine (Lair:2)
  4 slaves (D:8)
  An ice beast (D:5)
  A black bear (D:11)
  A sky beast (D:6)
  A phantom (D:7)
  2 wolves
  6 ogres
  A centaur (D:11)
  3 crocodiles
  2 bullfrogs (Lair:2)
  10 killer bees
  2 wights (D:6)
  A crimson imp (D:10)
  A centaur zombie (D:9)
  3 orc priests
  A hound (D:5)
  A jelly (D:10)
  5 orc wizards
  A gnoll shaman (D:4)
  2 iguanas
  15 worker ants
  A killer bee zombie (D:9)
  A worker ant zombie (D:5)
  A howler monkey zombie (D:7)
  11 gnolls
  2 adders
  2 shadow imps
  An adder skeleton (D:5)
  A worm (D:8)
  7 orcs
  A giant cockroach (D:7)
  A quokka (D:7)
  A kobold (D:11)
  A rat (D:8)
129 creatures vanquished.

Vanquished Creatures (others)
  4 plants
4 creatures vanquished.

Grand Total: 298 creatures vanquished

Notes
Turn   | Place    | Note
-------+----------+-------------------------------------------
     0 | D:1      | iamserjio the Deep Elf Ice Elementalist began the quest for the Orb.
     0 | D:1      | Reached XP level 1. HP: 10/10 MP: 6/6
   158 | D:1      | Reached XP level 2. HP: 14/15 MP: 5/8
   313 | D:2      | Reached skill level 4 in Ice Magic
   313 | D:2      | Reached XP level 3. HP: 15/19 MP: 5/10
   720 | D:3      | Reached XP level 4. HP: 20/24 MP: 8/11
   797 | D:3      | Learned a level 4 spell: Summon Ice Beast
   913 | D:3      | Reached skill level 1 in Summonings
   931 | D:3      | Learned a level 2 spell: Throw Frost
   935 | D:3      | Learned a level 3 spell: Ozocubu's Armour
  1022 | D:3      | Reached XP level 5. HP: 27/28 MP: 10/13
  1032 | D:3      | Found a faded altar of an unknown god.
  1037 | D:3      | Reached skill level 5 in Ice Magic
  1093 | D:4      | Found Myiran's General Store.
  1096 | D:4      | Bought a scroll of teleportation for 42 gold pieces
  1277 | D:5      | Entered Level 5 of the Dungeon
  1495 | D:5      | Noticed an ice beast
  1522 | D:5      | Killed an ice beast
  1522 | D:5      | Reached XP level 6. HP: 19/32 MP: 8/14
  1524 | D:5      | Found a white marble altar of Elyvilon.
  1616 | D:5      | Found Riru's Magic Scroll Shoppe.
  1627 | D:5      | Bought a scroll of identify for 24 gold pieces
  1627 | D:5      | Bought a scroll of fog for 24 gold pieces
  1627 | D:5      | Bought a scroll of identify for 24 gold pieces
  1627 | D:5      | Bought a scroll of fear for 42 gold pieces
  1648 | D:5      | Found an iron altar of Okawaru.
  1654 | D:5      | Noticed Menkaure
  1690 | D:5      | Reached skill level 5 in Dodging
  1782 | D:5      | Found a hazy altar of Hepliaklqana.
  1782 | D:5      | Found a sacrificial altar of Ru.
  1814 | D:5      | Found a hide-covered altar of Uskayaw.
  1865 | D:6      | Reached XP level 7. HP: 27/36 MP: 4/15
  1876 | D:6      | Reached skill level 6 in Ice Magic
  2207 | D:6      | Reached XP level 8. HP: 25/41 MP: 9/17
  2208 | D:6      | Reached skill level 7 in Ice Magic
  2210 | D:6      | Reached skill level 5 in Spellcasting
  2522 | D:5      | Killed Menkaure
  2648 | D:4      | Reached skill level 8 in Ice Magic
  2979 | D:7      | Noticed Joseph
  3007 | D:7      | Found a staircase to the Ecumenical Temple.
  3012 | Temple   | Entered the Ecumenical Temple
  3076 | Temple   | Became a worshipper of Vehumet
  3174 | D:7      | Found a shadowy altar of Dithmenos.
  3616 | D:8      | Reached XP level 9. HP: 37/45 MP: 13/21
  3622 | D:8      | Learned a level 4 spell: Throw Icicle
  3636 | D:8      | Noticed a queen ant
  3663 | D:8      | Reached * piety under Vehumet
  3663 | D:8      | Offered knowledge of Magic Dart by Vehumet.
  3869 | D:8      | Killed an unseen horror
  3869 | D:8      | Reached skill level 5 in Stealth
  3869 | D:8      | Reached skill level 5 in Conjurations
  4081 | D:8      | Noticed Pikel
  4091 | D:8      | Killed Pikel
  4091 | D:8      | Reached skill level 9 in Ice Magic
  4115 | D:8      | Noticed a moth of wrath
  4242 | D:8      | Found a bloodstained altar of Trog.
  4248 | D:8      | Offered knowledge of Sandblast by Vehumet.
  4252 | D:8      | Got a crude hand axe
  4313 | D:8      | Reached ** piety under Vehumet
  4320 | D:8      | Reached XP level 10. HP: 43/50 MP: 16/24
  4412 | D:8      | Identified the cursed +1 hand axe of the Mind {venom, Str+4} (You found it on level 8 of the Dungeon)
  4480 | D:8      | Paralysed by a hornet for 1 turns
  4729 | D:8      | Noticed Psyche
  4746 | D:8      | Killed Psyche
  4927 | D:9      | Offered knowledge of Mephitic Cloud by Vehumet.
  5185 | D:9      | Got a brightly glowing mace
  5208 | D:10     | Entered Level 10 of the Dungeon
  5254 | D:10     | Noticed Maurice
  5303 | D:10     | Killed Maurice
  5303 | D:10     | Reached skill level 1 in Fighting
  5335 | D:10     | Identified the cursed +1 mace of Fuuluw {crush, +Inv Str+4 Stlth-} (You found it on level 9 of the Dungeon)
  5428 | D:10     | Reached *** piety under Vehumet
  5627 | D:11     | Got a pair of dazzling boots
  5740 | D:11     | Identified the cursed +0 pair of boots of the Buccaneer {+Inv rPois rN+ Int-4} (You found it on level 11 of the Dungeon)
  5831 | D:11     | Reached skill level 10 in Ice Magic
  5834 | D:11     | Found Niugosen's Book Emporium.
  5955 | D:11     | Found a staircase to the Lair.
  6001 | Lair:1   | Entered Level 1 of the Lair of Beasts
  6001 | Lair:1   | Noticed Grum
  6035 | Lair:1   | Noticed an eight-headed hydra
  6046 | Lair:1   | Killed an eight-headed hydra
  6047 | Lair:1   | Killed Grum
  6047 | Lair:1   | Offered knowledge of Olgreb's Toxic Radiance by Vehumet.
  6145 | Lair:1   | Reached XP level 11. HP: 60/60 MP: 18/26
  6172 | Lair:1   | Learned a level 6 spell: Iron Shot
  6285 | Lair:1   | Found the +8 trident of the Octopus King {venom, rElec rPois MR+}
  6394 | Lair:2   | Reached skill level 1 in Earth Magic
  6432 | Lair:2   | Reached **** piety under Vehumet
  6471 | Lair:2   | Demolished by a komodo dragon

Vault maps used:
D:1:      lightli_iron_boxes
D:3:      chequers_ecumenical_altar_simple, minmay_item_behind_shaft
D:4:      serial_shops, kennysheep_mini, minivault_5
D:5:      kennysheep_mini_moat, gammafunk_temple_overflow_claw, serial_shops,
          nicolae_shop_competitors_out_of_business, first_ration, st_stairs_9,
          minmay_crystal_water, columned_hall_lemuel, elyvilon_altar_3,
          uniq_menkaure
D:6:      cheibrodos_helix_gallery
D:7:      nicolae_dithmenos_shadow_blocks, temple_statues, uniq_joseph
D:8:      lemuel_doored_altar, tgw_trog, david_nohive_1, minivault_29,
          uniq_pikel, uniq_psyche
D:10:     uniq_maurice
D:11:     lair_entry_dummy, serial_shops, shop
Temple:   bh_familiar_temple
Lair:1:   uniq_grum
Lair:2:   cheibrodos_lair_overgrown_chateau, lemuel_fruit_fields

Skill      XL: |  1  2  3  4  5  6  7  8  9 10 11 |
---------------+----------------------------------+-----
Dodging        | 3 4 5 6 7 8 9 |  9.0
Ice Magic      | 4 5 6 8 9 10 | 10.1
Spellcasting   | 4 6 8 9 |  9.7
Summonings     | 1 3 4 |  4.0
Stealth        | 3 4 6 7 |  7.1
Conjurations   | 3 6 8 |  8.6
Fighting       | 3 4 |  4.0
Earth Magic    | 1 |  1.9

Action                   |  1- 3 |  4- 6 |  7- 9 | 10-12 || total
-------------------------+-------+-------+-------+-------++-------
Melee: Short sword       |    22 |     6 |       |       ||    28
       Dagger            |     1 |    43 |   100 |    89 ||   233
       Hand axe          |       |       |       |     3 ||     3
       Trident           |       |       |       |     9 ||     9
 Cast: Freeze            |    46 |    60 |    55 |    82 ||   243
       Summon Ice Beast  |       |     9 |    56 |    56 ||   121
       Ozocubu's Armour  |       |       |     1 |       ||     1
       Throw Icicle      |       |       |     2 |     1 ||     3
       Throw Frost       |       |       |       |     1 ||     1
 Abil: Evoke Invisibilit |       |       |       |     1 ||     1
Evoke: Wand              |       |     3 |     4 |     4 ||    11
  Use: Scroll            |       |    10 |     4 |     8 ||    22
       Potion            |       |       |     1 |     2 ||     3
 Stab: Sleeping          |     6 |     5 |     6 |     8 ||    25
       Distracted        |       |       |     1 |     1 ||     2
  Eat: Chunk             |       |     4 |    11 |     7 ||    22
       Ration            |       |       |     1 |       ||     1
Armor: Robe              |    17 |    17 |    21 |    33 ||    88
Dodge: Dodged            |    42 |    73 |   139 |   172 ||   426

Table legend:
 A = Spawn XP
 B = Non-spawn XP
 C = Spawn XP percentage of total XP
 D = Spawn monster count
 E = Non-spawn monster count
 F = Spawn count percentage of total count
 G = Total turns spent on level
                    A         B        C        D         E        F      G
               +---------+---------+-------+---------+---------+-------+---------
         Total |       0 |   13300 |   0.0 |       0 |     290 |   0.0 |  6471
               +---------+---------+-------+---------+---------+-------+---------
           D:1 |       0 |      21 |   0.0 |       0 |      14 |   0.0 |   323
           D:2 |       0 |      71 |   0.0 |       0 |      23 |   0.0 |   355
           D:3 |       0 |     136 |   0.0 |       0 |      19 |   0.0 |   464
           D:4 |       0 |     215 |   0.0 |       0 |      18 |   0.0 |   536
           D:5 |       0 |     542 |   0.0 |       0 |      26 |   0.0 |   687
           D:6 |       0 |    1040 |   0.0 |       0 |      25 |   0.0 |   624
           D:7 |       0 |     669 |   0.0 |       0 |      22 |   0.0 |   595
           D:8 |       0 |    4014 |   0.0 |       0 |      60 |   0.0 |  1068
           D:9 |       0 |     721 |   0.0 |       0 |      23 |   0.0 |   460
          D:10 |       0 |    1074 |   0.0 |       0 |      15 |   0.0 |   352
          D:11 |       0 |    1665 |   0.0 |       0 |      21 |   0.0 |   471
        Lair:1 |       0 |    1891 |   0.0 |       0 |      14 |   0.0 |   359
        Lair:2 |       0 |    1241 |   0.0 |       0 |      10 |   0.0 |    81
               +---------+---------+-------+---------+---------+-------+---------
